 Dungeon Crawl Stone Soup version 0.32-a0-981-g384da2ce10 (webtiles) character file.

Game seed: 14016353665325212215

190 TheScarfBastard the Chopper (level 5, -3/36 (46) HPs)
             Began as a Draconian Berserker on Apr 20, 2024.
             Was a Believer of Trog.
             Killed by divine providence
             ... invoked by Jeremiah
              (15 damage)
             ... on level 7 of the Dungeon.
             The game lasted 00:06:15 (2355 turns).

TheScarfBastard the Chopper (Draconian Berserker)   Turns: 2355, Time: 00:06:17

HP:   -3/36 (46)    AC:  5    Str: 22    XL:     5   Next: 41%
MP:   5/5           EV: 17    Int:  7    God:    Trog [**....]
Gold: 383           SH:  0    Dex: 16    Spells: 4/4 levels left

rFire   . . .        a - +1 hand axe (vamp)
rCold   . . .        (no shield)
rNeg    . . .        (body armour unavailable)
rPois   .            (helmet restricted)
rElec   .            (no cloak)
rCorr   .            (no gloves)
SInv    .            (no boots)
Will    .....        (no amulet)
Stlth   ++           l - +5 ring of evasion
HPRegen 0.26/turn    e - +6 ring of dexterity
MPRegen 0.09/turn

%: no passive effects
@: on berserk cooldown, slowed, heavily drained, very slow
A: AC +5, unfitting armour, cold-blooded
a: Renounce Religion, Berserk, Trog's Hand


You were on level 7 of the Dungeon.
You worshipped Trog.
Trog was pleased with you.
You visited 1 branch of the dungeon, and saw 5 of its levels.

You collected 383 gold pieces.

Inventory:

Hand Weapons
 a - a +1 vampiric hand axe (weapon)
Armour
 c - a +0 ring mail
 g - a +0 robe
Jewellery
 e - a +6 ring of dexterity (right hand)
 l - a +5 ring of evasion (left hand)
Scrolls
 h - a scroll of acquirement {unknown}
 j - a scroll of blinking {unknown}
Potions
 b - a potion of lignification
 d - a potion of berserk rage {unknown}
 f - 2 potions of enlightenment
 k - a potion of mutation {unknown}
 m - a potion of might {unknown}


   Skills:
 + Level 4.3 Fighting
 + Level 4.4 Axes
 + Level 3.9 Dodging
 + Level 1.0 Stealth


You had 4 spell levels left.
You didn't know any spells.
Your spell library was empty.

Dungeon Overview and Level Annotations

Branches:
Dungeon (7/15)
 Temple: D:4-7

Altars:
Makhleb
Nemelex Xobeh
Sif Muna

Annotations:
D:7 Jeremiah


Innate Abilities, Weirdness & Mutations

Your plain brown scales are hard. (AC +5)
You cannot fit into any form of body armour.
You are cold-blooded and may be slowed by cold attacks.


Message History

You feel better.
The butterfly disappears in a burst of colours!
You hit the butterfly.
You kill the butterfly!
The butterfly disappears in a burst of colours!
You hit the butterfly.
You kill the butterfly!
The butterfly disappears in a burst of colours!
You miss the butterfly.
Jeremiah hits you with a +3 trident of draining.
You feel drained. Jeremiah barely misses you.
You barely miss Jeremiah. You barely miss the butterfly.
The butterfly disappears in a burst of colours!
Jeremiah hits you but does no damage.
You feel drained.
You hit Jeremiah.
You feel better.
Jeremiah is lightly wounded.
You barely miss the butterfly.
The butterfly disappears in a burst of colours! x2
Jeremiah hits you with a +3 trident of draining.
You feel drained. Jeremiah barely misses you.
You hit Jeremiah.
You feel better.
Your tail-slap misses Jeremiah.
Jeremiah is lightly wounded.
You hit the butterfly.
You kill the butterfly!
The butterfly disappears in a burst of colours!
You completely miss the butterfly.
The butterfly disappears in a burst of colours!
Jeremiah misses you.
Jeremiah hits you with a +3 trident of draining!
* * * LOW HITPOINT WARNING * * *
You feel drained.
You hit Jeremiah.
You feel better.
Jeremiah is moderately wounded.
You barely miss the butterfly. You hit the butterfly.
You kill the butterfly!
The butterfly disappears in a burst of colours!
Jeremiah cries, "Fearful master, protect me!"
Something smites you!
You die...
Jeremiah wails, "I didn't mean to kill anyone!
I'm not a murderer!"

###### ####....### ##
#.........##.#
#.........b..#
#......@bb.b.#
#..#####F..#.#
##...b..b.##
##....b.b.## .
####..####.b.b# .##
##..........#.b.##
...##................##
#.....................#
#.....................#


You could see Jeremiah.

Vanquished Creatures
  A bullfrog (D:7)
  A jelly (D:4)
  3 adders
  A white imp (D:7)
  2 dart slugs
  2 ribbon worms
  5 ball pythons
  4 bats
  6 endoplasms
  2 giant cockroaches (D:3)
  7 goblins
  3 hobgoblins
  4 jackals (D:2)
  6 quokkas
  3 kobolds
  5 rats
55 creatures vanquished.

Notes
Turn   | Place    | Note
-------+----------+-------------------------------------------
     0 | D:1      | TheScarfBastard the Draconian Berserker began the quest for
                  | the Orb.
     0 | D:1      | Reached XP level 1. HP: 19/19 MP: 1/1
    77 | D:1      | Reached XP level 2. HP: 25/26 MP: 2/2
   326 | D:1      | Found a faded altar of an unknown god.
  1013 | D:2      | Reached XP level 3. HP: 26/33 MP: 3/3
  1159 | D:2      | Reached ** piety under Trog
  1888 | D:3      | Reached XP level 4. HP: 40/40 MP: 4/4
  1923 | D:3      | Found a burning altar of Makhleb.
  2093 | D:4      | Found a sparkling altar of Nemelex Xobeh.
  2204 | D:4      | Found a shimmering blue altar of Sif Muna.
  2208 | D:4      | You fall into a shaft and drop 3 floors!
  2291 | D:7      | Noticed a bullfrog
  2300 | D:7      | Killed a bullfrog
  2301 | D:7      | Reached skill level 1 in Stealth
  2301 | D:7      | Reached XP level 5. HP: 46/46 MP: 5/5
  2329 | D:7      | Noticed Jeremiah
  2355 | D:7      | Killed from afar by Jeremiah

Illustrated notes

Levels and vault maps discovered:
D:1:      scummos_arrival_hexagon, layout_loops_corners,
          shapermc_ecumenical_altar_gd
D:2:      layout_rooms, grunt_ministairs_1
D:3:      layout_rooms, bloody_makhleb
D:4:      layout_basic, lemuel_round_altar, mainiacjoe_overflow_small_starburst,
          amcnicky_altar_gilded, temple_fountains, item_on_display_a
D:7:      layout_cave_pods, hangedman_abyss_or_decor_lesser_grid,
          grunt_decor_clamped, nicolae_zig_zag_zippers, uniq_jeremiah

Skill      XL: |  1  2  3  4 |
---------------+-------------+-----
Dodging        | 3 |  3.9
Fighting       | 4 |  4.3
Axes           | 4 |  4.4
Stealth        | 1 |  1.0

Action                     |  1- 3 |  4- 6 || total
---------------------------+-------+-------++-------
  Melee: Hand axe          |   152 |    66 ||   218
         Tailslap          |    13 |     3 ||    16
 Invoke: Berserk           |       |     1 ||     1
    Use: Scroll            |     4 |     2 ||     6
         Potion            |       |     2 ||     2
 Armour: Skin              |   125 |    26 ||   151
  Dodge: Dodged            |   142 |    57 ||   199

Table legend: (Time is in decaauts)
 A = Elapsed time spent in this place.
 B = Non-inter-level travel time spent in this place.
 C = Inter-level travel time spent in this place.
 D = Time resting spent in this place.
 E = Time spent auto-exploring this place.
 F = Levels seen in this place.
 G = Mean time per level.
                   A        B        C        D        E       F      G
               +--------+--------+--------+--------+--------+-----+--------+
         Total |   2383 |   2317 |     66 |      0 |   1398 |   5 |  476.6 |
       Dungeon |   2383 |   2317 |     66 |      0 |   1398 |   5 |  476.6 |
               +--------+--------+--------+--------+--------+-----+--------+

Top non-repeatable levels by time:
     D:1: 994 daAuts
     D:2: 596 daAuts
     D:3: 509 daAuts
     D:7: 152 daAuts
     D:4: 129 daAuts
